 Dungeon Crawl Stone Soup version 0.30-b1-5-g8e6c1be481 (webtiles) character file.

Game seed: 15147566703454126812

533 KittyFluff the Cudgeller (level 7, -2/44 HPs)
             Began as a Gargoyle Berserker on May 3, 2023.
             Was a Believer of Trog.
             Slain by a killer bee (7 damage)
             ... on level 7 of the Dungeon.
             The game lasted 00:19:27 (2981 turns).

KittyFluff the Cudgeller (Gargoyle Berserker)       Turns: 2981, Time: 00:19:27

Health: -2/44      AC: 10    Str: 20    XL:     7   Next: 24%
Magic:  7/7        EV: 12    Int:  8    God:    Trog [**....]
Gold:   144        SH:  0    Dex: 11    Spells: 6/6 levels left

rFire   . . .        p - +0 flail (venom)
rCold   . . .        (no shield)
rNeg    + . .        o - +0 leather armour
rPois   ∞            (no helmet)
rElec   +            (no cloak)
rCorr   .            i - +0 pair of gloves
SInv    .            n - +0 pair of boots
Will    .....        (no amulet)
Stlth   +            (no ring)
HPRegen 0.27/turn    (no ring)
MPRegen 0.10/turn

%: no passive effects
@: about to teleport, weak-willed
A: sickness immunity, AC +4, negative energy resistance 1, electricity
resistance, torment resistance 1, petrification resistance
a: Renounce Religion, Berserk, Trog's Hand


You were on level 7 of the Dungeon.
You worshipped Trog.
Trog was pleased with you.
You visited 1 branch of the dungeon, and saw 5 of its levels.

You collected 144 gold pieces.

Inventory:

Hand Weapons
 a - a +0 mace
 p - a +0 flail of venom (weapon)
Missiles
 m - 5 javelins (quivered)
 s - 4 atropa-tipped darts
 w - 3 boomerangs
Armour
 i - a +0 pair of gloves (worn)
 n - a +0 pair of boots (worn)
 o - a +0 leather armour (worn)
Wands
 A - a wand of roots (6)
Scrolls
 d - 2 scrolls of fog {unknown}
 e - 2 scrolls of noise
 f - 2 scrolls of identify
 h - 3 scrolls of fear {unknown}
 l - 2 scrolls of teleportation
 v - a scroll of magic mapping {unknown}
 x - a scroll of enchant armour {unknown}
 B - a scroll of torment {unknown}
 C - a scroll of enchant weapon {unknown}
Potions
 b - a potion of resistance {unknown}
 c - 2 potions of flight
 g - a potion of brilliance {unknown}
 j - a potion of lignification {unknown}
 k - a potion of might {unknown}
 r - a potion of degeneration {unknown}
 t - 2 potions of attraction {unknown}
 u - a potion of curing


   Skills:
 + Level 4.5 Fighting
 + Level 5.9 Maces & Flails
 * Level 4.1 Armour
 + Level 2.6 Dodging
 + Level 1.7 Stealth


You had 6 spell levels left.
You didn't know any spells.
Your spell library was empty.

Dungeon Overview and Level Annotations

Branches:
Dungeon (4/15)
 Temple: D:4-7

Altars:

Shops:
D:4 ?


Innate Abilities, Weirdness & Mutations

You are immune to sickness and miasma.
Your stone body is resilient. (AC +4)
You are immune to poison.
You resist negative energy. (rN+)
You are resistant to electric shocks. (rElec)
You are resistant to unholy torment.
You are immune to petrification.


Message History

You hear a loud clanging noise!
It was a scroll of noise.
You hear a bark!
You hear a shout! x6
The killer bee stings you.
* * * LOW HITPOINT WARNING * * *
The killer bee barely misses you. The killer bee closely misses you.
The killer bee misses you.
As you read the scroll labelled UNNUT DIBIOMO, it crumbles to dust.
It is a scroll of identify.
c - 2 potions of flight The killer bee stings you but does no damage. x2
The killer bee closely misses you. The killer bee misses you.
As you read the scroll labelled TAOCKO INIE, it crumbles to dust.
Magic quickly surges around you.
It was a scroll of vulnerability.
The killer bee closely misses you.
The killer bee stings you but does no damage. x2
The killer bee closely misses you.
As you read the scroll labelled QUSAURRIQYU, it crumbles to dust.
It is a scroll of amnesia.
You feel forgetful for a moment.
The killer bee stings you but does no damage. x4
This is a scroll of acquirement!
You see here a manual of Throwing.
Something appears at your feet!
The killer bee stings you but does no damage.
The killer bee stings you.
* * * LOW HITPOINT WARNING * * *
The killer bee stings you but does no damage. x2
As you read the scroll labelled MAMEIVV ERRI, it crumbles to dust.
You feel strangely unstable.
It was a scroll of teleportation.
The killer bee stings you but does no damage.
The killer bee stings you!
* * * LOW HITPOINT WARNING * * *
The killer bee stings you but does no damage.
The killer bee closely misses you.
It was a potion of curing.
You feel better. The killer bee stings you.
* * * LOW HITPOINT WARNING * * *
The killer bee stings you.
* * * LOW HITPOINT WARNING * * *
The killer bee stings you!
You die...

# #.##### ###.....#
........## ..###
.......@y## ......
......##yy####.....##
.......yy5..#.......#
#.....#.y..##.......####
........................
.....##.................
#.## ..#...............
..##............... ...
.............#.


You could see 5 killer bees and a shadow imp (weak-willed).

Vanquished Creatures
  Sigmund (D:2)
  Eustachio (D:4)
  A howler monkey (D:4)
  2 orc priests (D:3)
  An orc wizard (D:3)
  3 adders
  An ufetubus (D:4)
  A worm (D:4)
  3 dart slugs
  6 orcs
  4 bats
  5 endoplasms
  2 giant cockroaches
  5 goblins
  4 hobgoblins
  8 jackals
  A quokka (D:1)
  3 ball pythons (D:1)
  2 frilled lizards (D:1)
  4 kobolds
  3 rats (D:1)
61 creatures vanquished.

Notes
Turn   | Place    | Note
-------+----------+-------------------------------------------
     0 | D:1      | KittyFluff the Gargoyle Berserker began the quest for the
                  | Orb.
     0 | D:1      | Reached XP level 1. HP: 14/14 MP: 1/1
    86 | D:1      | Found a faded altar of an unknown god.
   170 | D:1      | Reached XP level 2. HP: 18/19 MP: 2/2
   474 | D:1      | Reached XP level 3. HP: 24/24 MP: 3/3
  1006 | D:2      | Reached ** piety under Trog
  1239 | D:2      | Noticed Sigmund
  1251 | D:2      | Killed Sigmund
  1252 | D:2      | Reached skill level 4 in Maces & Flails
  1252 | D:2      | Reached skill level 1 in Stealth
  1252 | D:2      | Reached XP level 4. HP: 25/29 MP: 4/4
  1252 | D:2      | Reached XP level 5. HP: 28/33 MP: 5/5
  1252 | D:2      | Reached XP level 6. HP: 32/38 MP: 6/6
  1761 | D:3      | Reached skill level 5 in Maces & Flails
  2644 | D:4      | Found Iddygux's Magic Scroll Shop.
  2765 | D:4      | Noticed Eustachio
  2809 | D:4      | Killed Eustachio
  2810 | D:4      | Reached XP level 7. HP: 21/44 MP: 7/7
  2962 | D:4      | You fall into a shaft and drop 3 floors!
  2979 | D:7      | Identified a scroll of acquirement
  2979 | D:7      | Acquired a manual of Throwing
  2981 | D:7      | Slain by a killer bee

Illustrated notes

Levels and vault maps discovered:
D:1:      onia_arrival_handbag, layout_loops_ring,
          hellmonk_ecumenical_altar_dog_temple
D:2:      layout_loops_ring, minmay_pentomino_p2, uniq_sigmund
D:3:      layout_loops_cross
D:4:      nicolae_cairo_tiling, layout_basic, minmay_misc_feat_hallway,
          nicolae_take_the_stairs, uniq_eustachio
D:7:      layout_cave_pools, serial_shops, shop_fountains, uniq_maggie

Skill      XL: |  1  2  3  4  5  6 |
---------------+-------------------+-----
Fighting       | 4 |  4.5
Maces & Flails | 4 5 |  5.9
Armour         | 3 4 |  4.1
Dodging        | 2 |  2.6
Stealth        | 1 |  1.7

Action                     |  1- 3 |  4- 6 |  7- 9 || total
---------------------------+-------+-------+-------++-------
  Melee: Mace              |   130 |    62 |       ||   192
         Flail             |       |    48 |     5 ||    53
  Throw: Throwing net      |     1 |       |       ||     1
    Use: Potion            |       |     1 |     1 ||     2
         Scroll            |       |       |     6 ||     6
   Stab: Sleeping          |     1 |       |       ||     1
 Armour: Animal skin       |    28 |       |       ||    28
         Leather armour    |    26 |    70 |    18 ||   114
  Dodge: Dodged            |    94 |   102 |    20 ||   216
